 Dungeon Crawl Stone Soup version 0.24-a0-342-gad4687c37d (webtiles) character file.

Game seed: 10257883077061061063

3 tsouns the Digger (level 1, -1/9 HPs)
             Began as a Vine Stalker Wanderer on May 21, 2019.
             Slain by a hobgoblin
             ... wielding a cursed -1 club
              (3 damage)
             ... on level 1 of the Dungeon.
             The game lasted 00:01:59 (310 turns).

tsouns the Digger (Vine Stalker Wanderer)            Turns: 310, Time: 00:02:00

Health: -1/9       AC:  2    Str: 17    XL:     1   Next: 50%
Magic:  0/3        EV: 11    Int: 12    God:
Gold:   20         SH:  0    Dex: 10    Spells: 0/2 levels left

rFire    . . .     SeeInvis .   (no weapon)
rCold    . . .     Gourm    .   (no shield)
rNeg     . . .     Faith    .   e - +0 robe
rPois    .         Spirit   +   (no helmet)
rElec    .         Reflect  .   (no cloak)
rCorr    .         Harm     .   (no gloves)
MR       .....                  (no boots)
Stlth    ++........             (no amulet)
HPRegen  0.03/turn              (no ring)
MPRegen  0.08/turn              (no ring)

@: no status effects
A: fangs 2, magic shield, antimagic bite, no potion heal 3, rot immunity
a: no special abilities


You were on level 1 of the Dungeon.
You were not hungry.

You visited 1 branch of the dungeon, and saw 1 of its levels.

You collected 20 gold pieces.

Inventory:

Hand Weapons
 a - a +0 shortbow
Missiles
 c - 27 arrows
 d - 24 stones (quivered)
Armour
 e - a +0 robe (worn)
Comestibles
 f - 2 rations


   Skills:
 - Level 1.7 Bows
 - Level 1.0 Armour
 + Level 1.6 Stealth
   Level 1.0 Shields
 + Level 0.5 Unarmed Combat
 - Level 1.1 Spellcasting
   Level 1.0 Necromancy
 - Level 3.0 Earth Magic


You couldn't memorise any spells.
You knew the following spells:

 Your Spells              Type           Power        Failure   Level  Hunger
a - Sandblast             Erth           #.....       9%          1    ##.....
b - Magic Dart            Conj           #...         30%         1    ##.....

Your spell library contained the following spells:

 Spells                   Type           Power        Failure   Level  Hunger
 Blink                    Tloc           N/A          41%         2    ###....
 Call Imp                 Summ           #.......     41%         2    ###....
 Slow                     Hex            #.......     41%         2    ###....
 Stone Arrow              Conj/Erth      #.....       43%         3    ####...
 Conjure Flame            Conj/Fire      #.......     65%         3    ####...
 Mephitic Cloud           Conj/Pois/Air  #.......     65%         3    ####...


Dungeon Overview and Level Annotations

Branches:
Dungeon (1/15)

Altars:


Innate Abilities, Weirdness & Mutations

You have extremely sharp teeth.
When hurt, damage is shared between your health and your magic reserves.
Your bite disrupts and absorbs the magic of your enemies.
Potions cannot restore your health.
You are immune to rotting.


Message History

You see here a chain mail.
A rat comes into view.
Found a scroll labeled NUOR GOANU.
The rat twitches its whiskers.
The rat twitches its whiskers.
You see here a rat corpse.
The hobgoblin hits you with a cursed -1 club.
* * * LOW HITPOINT WARNING * * *
As you read the scroll labeled NYS XOGGI, it crumbles to dust.
It is a scroll of amnesia.
Okay, then.
The hobgoblin hits you but does no damage.
Unknown command.
You barely miss the hobgoblin.
The hobgoblin hits you with a cursed -1 club.
* * * LOW HITPOINT WARNING * * *
You closely miss the hobgoblin.
You bite the hobgoblin, but do no damage.
The hobgoblin hits you with a cursed -1 club.
You die...

.....##...#
..##......#
.(#####..##
.##
#..#########
##
#..........#
#
#.########.#
#
#.......##.#
###
#######.##g#
≈≈# #.##@#
≈≈# #....#
#≈# ####.#
## ###


You could see a hobgoblin.

Vanquished Creatures
  A giant cockroach (D:1)
  A goblin (D:1)
  A rat (D:1)
3 creatures vanquished.

Notes
Turn   | Place    | Note
-------+----------+-------------------------------------------
     0 | D:1      | tsouns the Vine Stalker Wanderer began the quest for the
                  | Orb.
     0 | D:1      | tsouns set off with the following items: a +0 shortbow, 28
                  | arrows, a +0 robe, a ration; and the following spells
                  | available to memorise: Sandblast, Magic Dart, Blink, Call
                  | Imp, Slow, Stone Arrow, Conjure Flame, Mephitic Cloud
     0 | D:1      | Reached XP level 1. HP: 9/9 MP: 3/3
     2 | D:1      | Learned a level 1 spell: Sandblast
     4 | D:1      | Learned a level 1 spell: Magic Dart
   310 | D:1      | Slain by a hobgoblin

Levels and vault maps discovered:
D:1:      eino_arrival_cavern_b, layout_basic, minmay_pentomino_s4

Action                   || total
-------------------------++-------
Melee: Unarmed           ||    12
       Bite              ||     5
 Fire: Shortbow          ||     4
 Cast: Magic Dart        ||     1
  Use: Scroll            ||     1
Armor: Robe              ||     1
Dodge: Dodged            ||     5

Table legend:
 A = Non-vault XP
 B = Vault XP
 C = Vault XP percentage of total XP
 D = Non-vault monster count
 E = Vault monster count
 F = Vault count percentage of total count
                 A         B        C        D         E       F
            +---------+---------+-------+---------+---------+-------
      Total |       1 |       4 |  80.0 |       1 |       2 |  66.7
            +---------+---------+-------+---------+---------+-------
        D:1 |       1 |       4 |  80.0 |       1 |       2 |  66.7
            +---------+---------+-------+---------+---------+-------
